 Dungeon Crawl Stone Soup version 0.21-a0-634-gaf8bc5d (webtiles) character file.

32 tilp the Conjurer (level 3, 0/26 HPs)
             Began as a Draconian Conjurer on Dec 29, 2017.
             Succumbed to an adder's poison
             ... on level 2 of the Dungeon.
             The game lasted 00:03:11 (1178 turns).

tilp the Conjurer (Draconian Conjurer)              Turns: 1178, Time: 00:03:12

Health: 0/26       AC:  5    Str: 10    XL:     3   Next: 10%
Magic:  1/7        EV: 12    Int: 16    God:
Gold:   69         SH:  0    Dex: 11    Spells: 4/7 levels left

rFire    . . .     SeeInvis .   h - +0 dagger (flame)
rCold    . . .     Gourm    .   (no shield)
rNeg     . . .     Faith    .   (armour unavailable)
rPois    .         Spirit   .   (helmet restricted)
rElec    .         Reflect  .   (no cloak)
rCorr    .         Harm     .   (no gloves)
MR       .....                  (no boots)
Stlth    ++........             (no amulet)
HPRegen  0.08/turn              (no ring)
MPRegen  0.10/turn              (no ring)

@: lethally poisoned (0 -> -6), berserk cooldown, very slightly contaminated,
slowed, invisible, very slow
A: unfitting armour, cold-blooded, AC +5
a: no special abilities


You were on level 2 of the Dungeon.
You were not hungry.

You visited 1 branch of the dungeon, and saw 2 of its levels.

You collected 69 gold pieces.

Inventory:

Hand Weapons
 h - a +0 dagger of flaming (weapon)
Missiles
 c - 28 stones (quivered)
Scrolls
 d - a scroll of amnesia {unknown}
 e - 2 scrolls of immolation {unknown}
 f - a scroll of remove curse {unknown}
 g - 3 scrolls of teleportation {unknown}
Potions
 j - a potion of invisibility
Books
 a - a book of Conjurations

   Spells                             Type                      Level
   a - Magic Dart                     Conjuration                  1
   b - Searing Ray                    Conjuration                  2
   c - Dazzling Spray                 Conjuration/Hexes            3
   d - Fulminant Prism                Conjuration/Hexes            4
   e - Force Lance                    Conjuration/Translocation    4
   f - Iskenderun's Mystic Blast      Conjuration                  4
Comestibles
 b - 2 rations


   Skills:
 - Level 1.7 Dodging
 - Level 1.7 Stealth
 + Level 2.7 Spellcasting
 + Level 4.5 Conjurations


You had 4 spell levels left.
You knew the following spells:

 Your Spells              Type           Power        Failure   Level  Hunger
a - Magic Dart            Conj           ###.         3%          1    #......
b - Searing Ray           Conj           ###...       4%          2    ##.....


Dungeon Overview and Level Annotations

Branches:
Dungeon (2/15)

Altars:


Innate Abilities, Weirdness & Mutations

Your plain brown scales are hard. (AC +5)
You cannot fit into any form of body armour.
You are cold-blooded and may be slowed by cold attacks.


Message History

It was a potion of invisibility.
You fade into invisibility!
You are very lightly contaminated with residual magic.
It was a potion of berserk rage.
A red film seems to cover your vision as you go berserk!
You feel yourself moving faster!
You feel mighty!
* * * LOW HITPOINT WARNING * * *
You feel sick.
You feel a strong urge to attack something.
* * * LOW HITPOINT WARNING * * *
You feel sick.
You feel your anger nearly subside.
* * * LOW HITPOINT WARNING * * *
You feel sick.
You are no longer berserk.
You are exhausted.
You feel yourself slow down.
* * * LOW HITPOINT WARNING * * *
You feel sick.
You die...

#.# #.# .# .. #.# .#
#...###.## .# .......<.#
.# #...###..# .###
##.####..# ...
#.......#######.######
.#######..@.............
.........########.......
.######### #######


There were no monsters in sight!

Vanquished Creatures
  An adder (D:2)
  An ooze (D:2)
  2 bats (D:1)
  A giant cockroach (D:1)
  5 goblins (D:1)
  2 hobgoblins (D:1)
  5 kobolds (D:1)
17 creatures vanquished.

Notes
Turn   | Place    | Note
-------+----------+-------------------------------------------
     0 | D:1      | tilp the Draconian Conjurer began the quest for the Orb.
     0 | D:1      | Reached XP level 1. HP: 14/14 MP: 3/3
   240 | D:1      | Reached XP level 2. HP: 20/20 MP: 1/5
  1113 | D:1      | Learned a level 2 spell: Searing Ray
  1170 | D:2      | Reached XP level 3. HP: 4/26 MP: 0/7
  1177 | D:2      | HP: 1/26 [poisoned by an adder]
  1178 | D:2      | Succumbed to an adder's poison

Vault maps used:
D:1:      dpeg_arrival_arbitrary_a
D:2:      lemuel_doored_altar, hangedman_decor_push

Action                   || total
-------------------------++-------
Melee: Short sword       ||     6
       Tailslap          ||     2
       Dagger            ||    20
Throw: Stone             ||     3
 Cast: Magic Dart        ||    27
       Searing Ray       ||     2
  Use: Potion            ||     2
  Eat: Chunk             ||     1
Armor: Skin              ||     7
Dodge: Dodged            ||    11

Table legend:
 A = Spawn XP
 B = Non-spawn XP
 C = Spawn XP percentage of total XP
 D = Spawn monster count
 E = Non-spawn monster count
 F = Spawn count percentage of total count
 G = Total turns spent on level
                    A         B        C        D         E        F      G
               +---------+---------+-------+---------+---------+-------+---------
         Total |       0 |      47 |   0.0 |       0 |      17 |   0.0 |  1178
               +---------+---------+-------+---------+---------+-------+---------
           D:1 |       0 |      26 |   0.0 |       0 |      15 |   0.0 |  1114
           D:2 |       0 |      21 |   0.0 |       0 |       2 |   0.0 |    64
               +---------+---------+-------+---------+---------+-------+---------
